 Dungeon Crawl Stone Soup version 0.22-a0-246-gdc04c06 (webtiles) character file.

24 wolfsongas the Chopper (level 3, 0/31 HPs)
             Began as a Gnoll Wanderer on Feb 23, 2018.
             Slain by Terence
             ... wielding a +0 hand axe
              (3 damage)
             ... on level 2 of the Dungeon.
             The game lasted 00:02:16 (900 turns).

wolfsongas the Chopper (Gnoll Wanderer)              Turns: 900, Time: 00:02:17

Health: 0/31       AC:  6    Str: 16    XL:     3   Next: 2%
Magic:  7/7        EV: 10    Int: 15    God:
Gold:   47         SH:  0    Dex: 12    Spells: 7/7 levels left

rFire    . . .     SeeInvis .   e - -3 whip (curse)
rCold    . . .     Gourm    .   (no shield)
rNeg     . . .     Faith    .   b - +1 ring mail
rPois    .         Spirit   .   (no helmet)
rElec    .         Reflect  .   (no cloak)
rCorr    .         Harm     .   (no gloves)
MR       .....                  (no boots)
Stlth    +.........             (no amulet)
HPRegen  0.10/turn              (no ring)
MPRegen  0.10/turn              (no ring)

@: no status effects
A: distributed training, fangs 1, strong nose
a: no special abilities


You were on level 2 of the Dungeon.
You were not hungry.

You visited 1 branch of the dungeon, and saw 2 of its levels.

You collected 47 gold pieces.

Inventory:

Hand Weapons
 a - a +2 hand axe
 e - a cursed -3 whip (weapon)
Armour
 b - a +1 ring mail (worn)
Comestibles
 c - 2 rations


   Skills:
 + Level 4.5 Fighting
 + Level 0.5 Short Blades
 + Level 0.5 Long Blades
 + Level 4.5 Axes
 + Level 0.5 Maces & Flails
 + Level 0.5 Polearms
 + Level 0.5 Staves
 + Level 0.5 Slings
 + Level 0.5 Bows
 + Level 0.5 Crossbows
 + Level 2.5 Throwing
 + Level 2.5 Armour
 + Level 0.5 Dodging
 + Level 2.3 Stealth
 + Level 0.5 Shields
 + Level 0.5 Unarmed Combat
 + Level 2.7 Spellcasting
 + Level 0.4 Conjurations
 + Level 0.4 Hexes
 + Level 0.4 Charms
 + Level 0.4 Summonings
 + Level 0.4 Necromancy
 + Level 0.4 Translocations
 + Level 3.7 Transmutations
 + Level 0.4 Fire Magic
 + Level 0.4 Ice Magic
 + Level 0.4 Air Magic
 + Level 0.4 Earth Magic
 + Level 0.4 Poison Magic
 + Level 0.7 Invocations
 + Level 0.5 Evocations


You had 7 spell levels left.
You didn't know any spells.

Dungeon Overview and Level Annotations

Branches:
Dungeon (2/15)

Altars:

Annotations:
D:2 Terence


Innate Abilities, Weirdness & Mutations

Your experience applies equally to all skills.
You have very sharp teeth.
Your uncanny sense of smell can sniff out nearby items.


Message History

The rat bites you but does no damage. Terence hits you with a hand axe.
* * * LOW HITPOINT WARNING * * *
The rat barely misses you.
You hit Terence but do no damage.
Terence is lightly wounded.
The bat hits you but does no damage. The rat bites you but does no damage.
Terence screams, "I'm going to kill you!"
Terence closely misses you.
You barely miss Terence.
Terence is lightly wounded.
The bat closely misses you. The rat completely misses you.
Terence hits you with a hand axe.
* * * LOW HITPOINT WARNING * * *
A jackal comes into view.
You barely miss Terence. Your punch misses Terence.
You bite Terence, but do no damage.
Terence is lightly wounded.
You float gracefully downwards.
The bat hits you but does no damage. The rat closely misses you.
Terence hits you with a hand axe.
You die...

........#..
........#h#
........#.#
.....[....#
..........#
∆
..........##
.......@...#
......r@...#
.......b..<#
.#.#####...#
#...# #...#
....# ##...#
#####


You could see Terence, a jackal, a bat and a rat.

Vanquished Creatures
  3 oozes (D:1)
  3 goblins (D:1)
  2 hobgoblins (D:1)
  2 kobolds (D:1)
  2 rats (D:1)
12 creatures vanquished.

Notes
Turn   | Place    | Note
-------+----------+-------------------------------------------
     0 | D:1      | wolfsongas the Gnoll Wanderer began the quest for the Orb.
     0 | D:1      | wolfsongas set off with: a +2 hand axe, a +0 ring mail, a ration
     0 | D:1      | Reached XP level 1. HP: 20/20 MP: 4/4
   110 | D:1      | Reached XP level 2. HP: 25/26 MP: 5/5
   701 | D:1      | Reached XP level 3. HP: 26/31 MP: 7/7
   852 | D:2      | Noticed Terence
   900 | D:2      | Slain by Terence

Vault maps used:
D:1:      dpeg_arrival_round_c
D:2:      tso_metal_star, fedhas_altar_1, uniq_sigmund, uniq_crazy_yiuf_cottage,
          uniq_terence

Action                   || total
-------------------------++-------
Melee: Hand axe          ||    17
       Bite              ||    10
       Whip              ||    77
  Use: Scroll            ||     3
       Potion            ||     1
 Stab: Sleeping          ||     1
Armor: Ring mail         ||    69
Dodge: Dodged            ||    89

Table legend:
 A = Spawn XP
 B = Non-spawn XP
 C = Spawn XP percentage of total XP
 D = Spawn monster count
 E = Non-spawn monster count
 F = Spawn count percentage of total count
 G = Total turns spent on level
                    A         B        C        D         E        F      G
               +---------+---------+-------+---------+---------+-------+---------
         Total |       0 |      35 |   0.0 |       0 |      12 |   0.0 |   900
               +---------+---------+-------+---------+---------+-------+---------
           D:1 |       0 |      35 |   0.0 |       0 |      12 |   0.0 |   850
               +---------+---------+-------+---------+---------+-------+---------
